 Dungeon Crawl Stone Soup version 0.29.1-1-gd02db6906a (webtiles) character file.

Game seed: 3913244964565690514

184 xian the Trooper (level 5, -1/44 HPs)
             Began as a Demonspawn Abyssal Knight on Oct 7, 2022.
             Was a Priest of Lugonu.
             Splashed by a jelly's acid (8 damage)
             ... on level 4 of the Dungeon.
             The game lasted 00:07:30 (5000 turns).

xian the Trooper (Demonspawn Abyssal Knight)        Turns: 5000, Time: 00:07:33

Health: -1/44      AC:  0    Str: 15    XL:     5   Next: 36%
Magic:  15/15      EV:  7    Int: 11    God:    Lugonu [***...]
Gold:   110        SH:  0    Dex: 14    Spells: 4/4 levels left

rFire   . . .      SeeInvis .   a - +1 hand axe
rCold   . . .      Faith    .   (no shield)
rNeg    . . .      Spirit   .   h - +0 chain mail
rPois   .          Reflect  .   w - +0 hat
rElec   .          Harm     .   (no cloak)
rCorr   .          Rampage  .   (no gloves)
Will    .....                   (no boots)
Stlth   ..........              (no amulet)
HPRegen 0.14/turn               r - ring of magical power
MPRegen 0.14/turn               (no ring)

@: corroded
A: antennae 1, rugged brown scales 2
a: Renounce Religion, Depart the Abyss, Bend Space, Banish


You were on level 4 of the Dungeon.
You worshipped Lugonu.
Lugonu was most pleased with you.
You visited 1 branch of the dungeon, and saw 4 of its levels.
You visited the Abyss 1 time.

You collected 130 gold pieces.
You spent 20 gold pieces at shops.

Inventory:

Hand Weapons
 a - a +1 hand axe (weapon)
Missiles
 m - 5 boomerangs (quivered)
 p - 8 stones
Armour
 h - a +0 chain mail (worn)
 w - a +0 hat (worn)
Jewellery
 r - a ring of magical power (left hand)
Wands
 s - a wand of roots (8)
Scrolls
 b - a scroll of acquirement {unknown}
 c - a scroll of immolation {unknown}
 d - 3 scrolls of butterflies
 e - 2 scrolls of enchant armour
 g - 2 scrolls of vulnerability {unknown}
 j - a scroll of magic mapping {unknown}
 k - a scroll of poison
 n - a scroll of fear {unknown}
 o - 2 scrolls of identify
 t - 3 scrolls of teleportation {unknown}
 x - a scroll of noise {unknown}
Potions
 f - a potion of degeneration {unknown}
 i - 2 potions of attraction {unknown}
 l - a potion of heal wounds
 q - 2 potions of might {unknown}
 u - a potion of brilliance {unknown}
 v - a potion of haste {unknown}


   Skills:
 + Level 3.8 Fighting
 + Level 3.3 Axes
 + Level 0.1 Throwing
 + Level 3.1 Armour
 + Level 1.5 Dodging
 + Level 0.3 Stealth
 + Level 2.6 Invocations


You had 4 spell levels left.
You didn't know any spells.
Your spell library contained the following spells:

 Spells                   Type           Power      Damage    Failure   Level
 Magic Dart               Conj           0%         1d3       100%        1
 Call Imp                 Summ           0%         N/A       100%        2
 Ensorcelled Hibernation  Hex/Ice        0%         N/A       100%        2
 Passwall                 Tmut/Erth      0%         N/A       100%        2
 Poisonous Vapours        Pois/Air       0%         N/A       100%        2
 Mephitic Cloud           Conj/Pois/Air  0%         N/A       100%        3
 Swiftness                Air            0%         N/A       100%        3
 Corpse Rot               Necr/Pois/Air  0%         N/A       100%        4


Dungeon Overview and Level Annotations

Branches:
Dungeon (4/15)
 Temple: D:4-7

Altars:
Fedhas
Kikubaaqudgha

Shops:
D:1 =?[


Innate Abilities, Weirdness & Mutations

You have a pair of small antennae on your head.
You are mostly covered in rugged brown scales. (AC +2, +5% HP)


Message History

You hit the dart slug.
The dart slug is heavily wounded.
The dart slug bites you but does no damage.
You hit the dart slug but do no damage.
The dart slug is heavily wounded.
The dart slug launches a dart at you.
The slug dart hits you but does no damage.
You hit the dart slug.
The dart slug is severely wounded.
The dart slug launches a dart at you. The slug dart hits you.
You hit the dart slug but do no damage.
The dart slug is severely wounded.
The dart slug bites you but does no damage.
You hit the dart slug.
You kill the dart slug!
Lugonu accepts your kill.
There is a stone staircase leading down here.
You now have 110 gold pieces (gained 8).
x - a scroll labelled WIMONU KERASIU A jelly comes into view.
You hit the jelly but do no damage. The acid corrodes you!
Your hands burn!
The jelly hits you.
You are splashed with acid.
You hit the jelly.
Your hands burn!
The jelly is lightly wounded.
The jelly hits you but does no damage.
You hit the jelly.
Your hands burn!
The jelly is lightly wounded.
The jelly hits you but does no damage.
You hit the jelly. The acid corrodes you!
Your hands burn!
The jelly is moderately wounded.
The jelly hits you. The acid corrodes you!
You are splashed with acid!
* * * LOW HITPOINT WARNING * * *
You hit the jelly but do no damage.
Your hands burn!
* * * LOW HITPOINT WARNING * * *
The jelly is moderately wounded.
The jelly hits you.
* * * LOW HITPOINT WARNING * * *
You are splashed with acid!
You die...

# #.....##
#...#......
#.....##
#..##......
#...###..#
####..........
#..###
##.###.............
##.
#...........##....
#
#...#####...###...
##..## #..## #..#
#..#####....#
#.@..........
#..J..........#
.................
...............
####...........
###.........
##........
#........


You could see a jelly.

Vanquished Creatures
  A phantom (D:4)
  3 adders
  A worm (D:3)
  3 dart slugs
  2 orcs
  7 ball pythons
  12 endoplasms
  5 giant cockroaches
  8 goblins
  7 hobgoblins
  2 jackals (D:1)
  3 quokkas
  4 bats
  A frilled lizard (D:2)
  2 kobolds
  5 rats
66 creatures vanquished.

Vanquished Creatures (others)
  A withered plant (D:3)
1 creature vanquished.

Grand Total: 67 creatures vanquished

Notes
Turn   | Place    | Note
-------+----------+-------------------------------------------
     0 | Abyss:1  | xian the Demonspawn Abyssal Knight began the quest for the
                  | Orb.
     0 | Abyss:1  | Reached XP level 1. HP: 18/18 MP: 2/2
     9 | D:1      | Escaped the Abyss
   398 | D:1      | Gained mutation: You have a pair of small antennae on your
                  | head. [demonic ancestry]
   398 | D:1      | Reached XP level 2. HP: 5/24 MP: 3/3
   631 | D:1      | Found Ocoog's Jewellery Shop.
   636 | D:1      | Found Qiumev's Magic Scroll Shoppe.
   644 | D:1      | Bought a scroll of identify for 20 gold pieces
  1241 | D:1      | Reached skill level 1 in Dodging
  1249 | D:1      | Found a faded altar of an unknown god.
  1348 | D:1      | Found Hity's Armour Boutique.
  1811 | D:2      | Gained mutation: You are partially covered in rugged brown
                  | scales. (AC +1, +3% HP) [demonic ancestry]
  1811 | D:2      | Reached XP level 3. HP: 13/29 MP: 4/4
  2526 | D:2      | Reached *** piety under Lugonu
  3181 | D:3      | Found an ancient bone altar of Kikubaaqudgha.
  3181 | D:3      | Found a blossoming altar of Fedhas.
  3383 | D:3      | Reached XP level 4. HP: 32/37 MP: 5/5
  4277 | D:4      | Noticed a phantom
  4315 | D:4      | Killed a phantom
  4316 | D:4      | Gained mutation: You are mostly covered in rugged brown
                  | scales. (AC +2, +5% HP) [demonic ancestry]
  4316 | D:4      | Reached XP level 5. HP: 22/44 MP: 6/6
  5000 | D:4      | Splashed by a jelly's acid

Illustrated notes

Levels and vault maps discovered:
D:1:      elethiomel_arrival_infinity_welcomes_careful_drivers, layout_basic,
          serial_shops, shop, shop_fountains, nicolae_shop_stone,
          ebering_ecumenical_altar_hall
D:2:      layout_loops_ring
D:3:      layout_loops_ring, grunt_temple_overflow_growth_and_decay,
          nrook_loot_triangle, dk_noncrumbling_3, bh_walls_and_bars
D:4:      layout_layer_cave, nicolae_wu_jian_immortal_techniques

Skill      XL: |  1  2  3  4  5 |
---------------+----------------+-----
Axes           | 2 3 |  3.3
Dodging        | 1 |  1.5
Armour         | 2 3 |  3.1
Fighting       | |  3.8
Throwing       | |  0.1
Stealth        | |  0.3
Invocations    | |  2.6

Action                   |  1- 3 |  4- 6 || total
-------------------------+-------+-------++-------
Melee: Hand axe          |   175 |    89 ||   264
       Punch             |       |     1 ||     1
Throw: Boomerang         |       |     4 ||     4
  Use: Scroll            |     3 |       ||     3
       Potion            |       |     1 ||     1
 Stab: Sleeping          |     1 |       ||     1
Armor: Leather armour    |    14 |       ||    14
       Chain mail        |    83 |    63 ||   146
Dodge: Dodged            |    95 |    29 ||   124
